 Dungeon Crawl Stone Soup version 0.27.1-34-g3ba077fa99 (webtiles) character file.

Game seed: 2052585226410533051

519 Delamore the Covert (level 7, -5/45 HPs)
             Began as an Octopode Brigand on Feb 17, 2022.
             Slain by Duvessa (12 damage)
             ... on level 4 of the Dungeon.
             The game lasted 00:05:26 (4403 turns).

Delamore the Covert (Octopode Brigand)              Turns: 4403, Time: 00:05:27

Health: -5/45      AC:  5    Str:  7 (10) XL:     7   Next: 21%
Magic:  7/7        EV: 12    Int: 13 (14) God:
Gold:   189        SH:  4    Dex: 12 (15) Spells: 6/6 levels left

rFire    + . .     SeeInvis .   s - +3 dagger
rCold    . . .     Faith    .   r - +0 buckler
rNeg     . . .     Spirit   .   (helmet restricted)
rPois    .         Reflect  .   (no amulet)
rElec    .         Harm     .   o - +4 ring of protection
rCorr    .         Rampage  .   q - ring of protection from fire
Will     .....                  (no ring)
Stlth    +++++.....             (no ring)
HPRegen  0.15/turn              (no ring)
MPRegen  0.10/turn              (no ring)
                                (no ring)
                                (no ring)

@: studying Throwing
A: almost no armour, amphibious, 8 rings, camouflage 1, gelatinous body 1,
(nimble swimmer 1), tentacles
a: no special abilities


You were on level 4 of the Dungeon.
You visited 1 branch of the dungeon, and saw 4 of its levels.

You collected 189 gold pieces.

Inventory:

Hand Weapons
 a - a +2 dagger
 c - a +3 short sword of holy wrath
 s - a +3 dagger (weapon)
 t - a +1 vampiric rapier
Armour
 r - a +0 buckler (worn)
Jewellery
 f - an amulet of faith
 o - a +4 ring of protection (left tentacle)
 q - a ring of protection from fire (right tentacle)
Wands
 p - a wand of digging (4)
Scrolls
 d - 2 scrolls of teleportation
 g - a scroll of amnesia
 i - a scroll of noise
 j - a scroll of fear
 l - a scroll of fog
Potions
 e - 2 potions of magic
 m - a potion of haste
 n - a potion of lignification
 u - a potion of degeneration


   Skills:
 - Level 2.0 Fighting
 + Level 3.9 Short Blades
 + Level 4.8 Throwing
 - Level 1.0 Dodging
 * Level 9.0 Stealth
 + Level 2.2 Shields


You had 6 spell levels left.
You didn't know any spells.
Your spell library contained the following spells:

 Spells                   Type           Power      Damage    Failure   Level
 Passwall                 Tmut/Erth      0%         N/A       50%         2
 Swiftness                Air            0%         N/A       75%         3
 Invisibility             Hex            0%         N/A       100%        6


Dungeon Overview and Level Annotations

Branches:
Dungeon (4/15)
 Temple: D:4-7

Altars:
Nemelex Xobeh
Sif Muna

Annotations:
D:4 Duvessa


Innate Abilities, Weirdness & Mutations

You cannot wear most types of armour.
You are amphibious.
You can wear up to eight rings at the same time.
Your skin changes colour to match your surroundings (Stealth+).
Your rubbery body absorbs attacks. (AC +1, EV +1)
((You are camouflaged near water. (Stealth+)))
You have tentacles for arms and can constrict up to eight enemies at once.


Message History

HP restored.
You see here a +0 robe.
Duvessa is nearby!
You throw a poisoned dart. The poisoned dart hits Duvessa.
Duvessa shouts!
Duvessa goes berserk!
You throw a poisoned dart.
The poisoned dart barely misses Duvessa.
You throw a poisoned dart. The poisoned dart hits Duvessa!
Duvessa is poisoned.
You throw a curare-tipped dart.
The curare-tipped dart barely misses Duvessa.
You throw a poisoned dart.
The poisoned dart closely misses Duvessa.
Duvessa rages.
You hit Duvessa but do no damage. You grab Duvessa.
Duvessa is lightly wounded.
You constrict Duvessa, but do no damage.
You block Duvessa's attack. Duvessa misses you.
You hit Duvessa but do no damage.
Duvessa is lightly wounded.
You constrict Duvessa, but do no damage.
Duvessa hits you with a +0 short sword!
You hit Duvessa. You squeeze Duvessa.
Duvessa is moderately wounded.
You constrict Duvessa. Duvessa hits you with a +0 short sword!
You hit Duvessa.
Duvessa is moderately wounded.
You constrict Duvessa, but do no damage.
You block Duvessa's attack.
You barely miss Duvessa.
Duvessa is moderately wounded.
You constrict Duvessa.
Duvessa hits you with a +0 short sword! x2
* * * LOW HITPOINT WARNING * * *
Okay, then.
You release your grip on Duvessa.
Duvessa closely misses you. Duvessa hits you but does no damage.
Duvessa looks more healthy.
Duvessa misses you. Duvessa hits you with a +0 short sword!
You die...

............................)....
####.####.#......................
##.#...#.##......................
....)....##....####....##..[.###.
........#.#....####....##....###'
.#.....###..............+........
.##._.###...............#........
.###.###.........e......#.......(
...##.#...####..@##....##....####
..........####...####'#########..
.................................
...............>.................
.................................
#...##..##..###..###...##....####
#...##..##..########...##....####
........'.....#........)........#
........#.....#........รท........#


You could see Duvessa (berserk).

Vanquished Creatures
  A black bear (D:4)
  An ogre (D:4)
  Dowan (D:4)
  A water moccasin skeleton (D:4)
  Ijyb (D:3)
  2 iguanas
  An orc wizard (D:4)
  4 adders
  An ufetubus (D:4)
  3 adder skeletons (D:4)
  A worm (D:2)
  4 dart slugs
  5 orcs
  10 ball pythons
  5 bats
  5 endoplasms
  4 giant cockroaches
  3 goblins
  8 hobgoblins
  2 jackals (D:1)
  8 kobolds
  6 quokkas
  3 frilled lizards
  4 rats
84 creatures vanquished.

Notes
Turn   | Place    | Note
-------+----------+-------------------------------------------
     0 | D:1      | Delamore the Octopode Brigand began the quest for the Orb.
     0 | D:1      | Reached XP level 1. HP: 14/14 MP: 1/1
   178 | D:1      | Reached XP level 2. HP: 19/19 MP: 2/2
   375 | D:1      | Reached skill level 6 in Stealth
   667 | D:1      | Reached XP level 3. HP: 24/24 MP: 3/3
   944 | D:1      | Identified a scroll of acquirement
   944 | D:1      | Acquired a manual of Throwing
  1161 | D:2      | Found a shimmering blue altar of Sif Muna.
  1260 | D:2      | Found a faded altar of an unknown god.
  1988 | D:3      | Reached skill level 7 in Stealth
  1988 | D:3      | Reached XP level 4. HP: 17/29 MP: 4/4
  2170 | D:3      | Noticed Ijyb
  2179 | D:3      | Killed Ijyb
  2679 | D:3      | Reached XP level 5. HP: 34/34 MP: 5/5
  3252 | D:4      | Reached skill level 1 in Shields
  3346 | D:4      | Noticed a black bear
  3354 | D:4      | Noticed an ogre
  3359 | D:4      | Killed a black bear
  3360 | D:4      | Reached skill level 8 in Stealth
  3360 | D:4      | Reached XP level 6. HP: 38/39 MP: 6/6
  3481 | D:4      | Noticed Duvessa
  3482 | D:4      | Noticed Dowan
  3495 | D:4      | Found a sparkling altar of Nemelex Xobeh.
  3995 | D:4      | Killed Dowan
  4209 | D:4      | Reached skill level 9 in Stealth
  4209 | D:4      | Reached XP level 7. HP: 45/45 MP: 7/7
  4403 | D:4      | Slain by Duvessa

Illustrated notes

Levels and vault maps discovered:
D:1:      lemuel_arrival_room, layout_loops_ring, minmay_tetromino_i4
D:2:      layout_basic, ebering_ecumenical_altar_box, basic_altar
D:3:      layout_basic, uniq_ijyb
D:4:      layout_gridville, st_stairs_3, minmay_ruined_shrine, uniq_duvessa

Skill      XL: |  1  2  3  4  5  6 |
---------------+-------------------+-----
Stealth        | 6 7 8 9 |  9.0
Short Blades   | 3 |  3.9
Throwing       | 3 4 |  4.8
Shields        | 1 2 |  2.2
Fighting       | |  2.0
Dodging        | |  1.0

Action                   |  1- 3 |  4- 6 |  7- 9 || total
-------------------------+-------+-------+-------++-------
Melee: Dagger            |    84 |    97 |    11 ||   192
       Constrict         |    18 |    22 |     2 ||    42
       Tentacles         |     4 |    15 |     2 ||    21
       Unarmed           |       |     5 |       ||     5
Throw: Dart              |     6 |    27 |     5 ||    38
  Use: Scroll            |     2 |     6 |     2 ||    10
       Potion            |       |     3 |       ||     3
 Stab: Sleeping          |    14 |     7 |       ||    21
Armor: Skin              |     4 |    33 |     1 ||    38
Dodge: Dodged            |    39 |    54 |     5 ||    98
Block: Buckler           |       |    11 |     2 ||    13
